 Dungeon Crawl Stone Soup version 0.26.0-45-g9c1d065592 (webtiles) character file.

Game seed: 13128648682272485303

22 kaeus the Sneak (level 2, -3/19 HPs)
             Began as a Vampire Enchanter on Jan 28, 2021.
             Slain by an adder (4 damage)
             ... on level 2 of the Dungeon.
             The game lasted 00:01:18 (463 turns).

kaeus the Sneak (Vampire Enchanter)                  Turns: 463, Time: 00:01:19

Health: -3/19      AC:  2    Str:  7    XL:     2   Next: 68%
Magic:  5/5        EV: 13    Int: 17    God:
Gold:   57         SH:  0    Dex: 14    Spells: 4/5 levels left

rFire    . . .     SeeInvis +   a - +1 dagger
rCold    . . .     Faith    .   (no shield)
rNeg     . . .     Spirit   .   b - +0 robe
rPois    .         Reflect  .   (no helmet)
rElec    .         Harm     .   (no cloak)
rCorr    .         Rampage  .   (no gloves)
Will     .....                  (no boots)
Stlth    +++.......             (no amulet)
HPRegen  0.26/turn              (no ring)
MPRegen  0.09/turn              (no ring)

@: lethally poisoned (-3 -> -4), regenerating quickly
A: fangs 3, see invisible, unbreathing
a: Exsanguinate


You were on level 2 of the Dungeon.
You visited 1 branch of the dungeon, and saw 2 of its levels.

You collected 57 gold pieces.

Inventory:

Hand Weapons
 a - a +1 dagger (weapon)
Armour
 b - a +0 robe (worn)
 c - a +0 leather armour
Scrolls
 d - a scroll of identify {unknown}
 e - 2 scrolls of noise {unknown}
 g - a scroll of blinking {unknown}
 h - a scroll of teleportation {unknown}
Potions
 f - a potion of curing {unknown}
 i - 2 potions of brilliance {unknown}


   Skills:
 + Level 1.4 Short Blades
 + Level 2.5 Dodging
 * Level 5.0 Stealth
 + Level 2.1 Spellcasting
 + Level 4.7 Hexes


You had 4 spell levels left.
You knew the following spells:

 Your Spells              Type           Power        Failure   Level
a - Corona                Hex            18%          2%          1

Your spell library contained the following spells:

 Spells                   Type           Power        Failure   Level
 Confusing Touch          Hex            17%          9%          3
 Tukima's Dance           Hex            17%          9%          3
 Ensorcelled Hibernation  Hex/Ice        18%          11%         2
 Dazzling Flash           Conj/Hex       18%          22%         3


Dungeon Overview and Level Annotations

Branches:
Dungeon (1/15)

Altars:

Annotations:
D:2 Sigmund


Innate Abilities, Weirdness & Mutations

Your natural rate of healing is unusually fast.
You have razor-sharp teeth.
You have supernaturally acute eyesight. (SInv)
You can survive without breathing.


Message History

The jackal bites you but does no damage.
The adder bites you but does no damage.
You barely miss the adder. You bite the adder.
The adder is moderately wounded.
The jackal barely misses you. The adder bites you.
You are poisoned.
The adder poisons you!
You take 1 damage, and have 13/19 hp.
You closely miss the adder.
The adder is moderately wounded.
You feel sick. The jackal closely misses you. The adder bites you.
Sigmund hits you from afar with a +0 scythe!
* * * LOW HITPOINT WARNING * * *
You take 11 damage, and have 2/19 hp.
MASSIVE DAMAGE!!
You hit the adder.
The adder is heavily wounded.
The jackal bites you.
* * * LOW HITPOINT WARNING * * *
The adder bites you.
You die...

#.....####### #
#.....##....# #
#.....##....# #
#.....##....# #
#)....##..$.# #
#.....##....# #
####.....##...@###.#.#..
....o........ogh@S......
###.#######...h###.#.##.
# #.# #....# # # #.#
#....# # #o# #....# #
#.# ###### . ... .##o#
..#.#


You could see Sigmund (invisible), an orc wizard (invisible), an adder, 2
jackals and a hobgoblin.

Vanquished Creatures
  A dart slug (D:1)
  A leopard gecko (D:1)
  A bat (D:1)
  A giant cockroach (D:1)
  3 goblins (D:1)
  3 hobgoblins (D:1)
  3 jackals (D:1)
  A kobold (D:1)
  A frilled lizard (D:1)
15 creatures vanquished.

Notes
Turn   | Place    | Note
-------+----------+-------------------------------------------
     0 | D:1      | kaeus the Vampire Enchanter began the quest for the Orb.
     0 | D:1      | Reached XP level 1. HP: 13/13 MP: 3/3
   103 | D:1      | Reached XP level 2. HP: 13/19 MP: 5/5
   381 | D:1      | Reached skill level 5 in Stealth
   413 | D:1      | You fall into a shaft and drop 1 floor!
   437 | D:2      | Noticed Sigmund
   463 | D:2      | Slain by an adder

Illustrated notes

Levels and vault maps discovered:
D:1:      dpeg_arrival_pits, layout_loops_ring, hex_tiny
D:2:      layout_basic, uniq_sigmund

Skill      XL: |  1  2 |
---------------+-------+-----
Stealth        | 5 |  5.0
Short Blades   | |  1.4
Dodging        | |  2.5
Spellcasting   | |  2.1
Hexes          | |  4.7

Action                   || total
-------------------------++-------
Melee: Dagger            ||    74
       Bite              ||     6
 Stab: Sleeping          ||     1
Armor: Robe              ||    18
Dodge: Dodged            ||    48
